 Dungeon Crawl Stone Soup version 0.29.1-12-g30fa7ad0bf (webtiles) character file.

Game seed: 17656500987905196419

72 wormed the Trooper (level 4, -2/35 HPs)
             Began as a Demonspawn Fighter on Dec 22, 2022.
             Slain by Crazy Yiuf
             ... wielding a +4 quarterstaff of chaos
              (5 damage)
             ... on level 2 of the Dungeon.
             The game lasted 00:01:33 (1968 turns).

wormed the Trooper (Demonspawn Fighter)             Turns: 1968, Time: 00:01:34

Health: -2/35      AC: 14    Str: 18    XL:     4   Next: 6%
Magic:  4/4        EV:  6    Int:  9    God:
Gold:   176        SH:  4    Dex: 13    Spells: 3/3 levels left

rFire   . . .      SeeInvis .   a - +0 flail
rCold   . . .      Faith    .   c - +0 buckler
rNeg    . . .      Spirit   .   p - +0 chain mail
rPois   .          Reflect  .   l - +0 helmet
rElec   .          Harm     .   (no cloak)
rCorr   .          Rampage  .   k - +2 pair of gloves
Will    .....                   o - +0 pair of boots
Stlth   ..........              (no amulet)
HPRegen 0.11/turn               (no ring)
MPRegen 0.09/turn               (no ring)

@: lethally poisoned (-2 -> -12)
A: spiny 1
a: no special abilities


You were on level 2 of the Dungeon.
You visited 1 branch of the dungeon, and saw 2 of its levels.

You collected 176 gold pieces.

Inventory:

Hand Weapons
 a - a +0 flail (weapon)
Armour
 c - a +0 buckler (worn)
 k - a +2 pair of gloves (worn)
 l - a +0 helmet (worn)
 o - a +0 pair of boots (worn)
 p - a +0 chain mail (worn)
Scrolls
 e - a scroll of teleportation {unknown}
 f - a scroll of summoning {unknown}
 g - a scroll of identify {unknown}
 h - a scroll of blinking {unknown}
 i - a scroll of fear {unknown}
 m - a scroll of vulnerability {unknown}
 q - a scroll of poison {unknown}
Potions
 b - a potion of resistance {unknown}
 d - a potion of might
 j - a potion of mutation {unknown}
 n - 2 potions of flight {unknown}


   Skills:
 + Level 3.4 Fighting
 * Level 2.8 Maces & Flails
 + Level 3.1 Armour
 + Level 3.1 Shields


You had 3 spell levels left.
You didn't know any spells.
Your spell library contained the following spells:

 Spells                   Type           Power      Damage    Failure   Level
 Sublimation of Blood     Necr           0%         N/A       100%        2
 Ignite Poison            Fire/Tmut/Pois 0%         N/A       100%        3
 Mephitic Cloud           Conj/Pois/Air  0%         N/A       100%        3
 Petrify                  Tmut/Erth      0%         N/A       100%        4
 Freezing Cloud           Conj/Ice/Air   0%         6-21      100%        5
 Irradiate                Conj/Tmut      0%         3d11      100%        5


Dungeon Overview and Level Annotations

Branches:
Dungeon (2/15)

Altars:

Annotations:
D:2 Crazy Yiuf


Innate Abilities, Weirdness & Mutations

You are partially covered in sharp spines.


Message History

No target in view!
No target in view!
No target in view!
No target in view!
No target in view!
No target in view!
No target in view!
No target in view!
You now have 151 gold pieces (gained 1).
You pick up a Trismegistus Codex and begin reading...
You add the spells Ignite Poison, Mephitic Cloud and Freezing Cloud to your library.
Found a club.
Found a stone staircase leading up.
You now have 158 gold pieces (gained 7).
Found 3 large rocks.
You now have 162 gold pieces (gained 4).
You now have 176 gold pieces (gained 14).
Found two hammers.
You see here a +0 hammer.
Found two hammers.
Found a runed translucent door.
You see here the +4 hammer "Wewk" {freeze, rElec Will+ Dex+4}.
Crazy Yiuf shouts!
Found two hammers.
You open the door. You closely miss Crazy Yiuf.
Crazy Yiuf hits you with a +4 quarterstaff of chaos!
Crazy Yiuf burns you.
You sock Crazy Yiuf!
Crazy Yiuf is moderately wounded.
Crazy Yiuf hits you with a +4 quarterstaff of chaos!
You are lethally poisoned!
You hit Crazy Yiuf.
Crazy Yiuf is heavily wounded.
* * * LOW HITPOINT WARNING * * *
You feel very sick. Crazy Yiuf is struck by your spines.
Crazy Yiuf hits you with a +4 quarterstaff of chaos.
* * * LOW HITPOINT WARNING * * *
You convulse.
You die...

##.####....#.#.#
#............#
#.....#..#######
###......##..#
#.....#..#
#########..#
#.....##.# ##### #..#
#........# #..)# #...
#.....#### #)..# ####
#.....# )). # #.....#
#g# # #.....# ##@#
#### #.....# #.##
#####... #.....# ##.#
....... ##########
#)## #..#.##
#........# ##)##
#..#.## #........#
#)..## #..#.##
#........# #....#
#..#.## #........#
#+..+# #......
#........###....#####
#......


You could see Crazy Yiuf.

Vanquished Creatures
  Terence (D:2)
  2 adders (D:2)
  4 ball pythons
  5 endoplasms
  A giant cockroach (D:1)
  A goblin (D:1)
  A hobgoblin (D:1)
  4 bats
  4 kobolds (D:1)
  3 rats
26 creatures vanquished.

Notes
Turn   | Place    | Note
-------+----------+-------------------------------------------
     0 | D:1      | wormed the Demonspawn Fighter began the quest for the Orb.
     0 | D:1      | Reached XP level 1. HP: 18/18 MP: 1/1
   448 | D:1      | Found a faded altar of an unknown god.
   457 | D:1      | Gained mutation: You are partially covered in sharp spines.
                  | [demonic ancestry]
   457 | D:1      | Reached XP level 2. HP: 23/24 MP: 2/2
  1236 | D:2      | Reached XP level 3. HP: 29/29 MP: 3/3
  1595 | D:2      | Noticed Terence
  1606 | D:2      | Killed Terence
  1607 | D:2      | Reached XP level 4. HP: 16/35 MP: 4/4
  1961 | D:2      | Found a runed translucent door.
  1961 | D:2      | Identified the +4 hammer "Wewk" {freeze, rElec Will+ Dex+4}
  1962 | D:2      | Noticed Crazy Yiuf
  1968 | D:2      | Slain by Crazy Yiuf

Illustrated notes

Levels and vault maps discovered:
D:1:      dpeg_arrival_boxorama, layout_basic, shapermc_ecumenical_altar_venn,
          corexii_corridor_pit, nrook_loot_triangle, minmay_misc_feat_roman
D:2:      layout_basic, uniq_crazy_yiuf_cottage, uniq_terence

Skill      XL: |  1  2  3 |
---------------+----------+-----
Maces & Flails | 2 |  2.8
Shields        | 3 |  3.1
Armour         | 3 |  3.1
Fighting       | |  3.4

Action                   |  1- 3 |  4- 6 || total
-------------------------+-------+-------++-------
Melee: Flail             |    64 |     5 ||    69
Armor: Scale mail        |    28 |       ||    28
       Chain mail        |       |     1 ||     1
Dodge: Dodged            |    23 |       ||    23
Block: Buckler           |    16 |       ||    16
